 Dungeon Sprint DCSS version 0.26-a0-649-gf8c6c3aab7 (webtiles) character file.

Game seed: 5489180972541094482

7969 sahdkjhfkaj the Brawler (level 11, -17/119 HPs)
             Began as a Troll Wanderer on Sept 26, 2020.
             Was a Priest of Ashenzari.
             Demolished by a death cob (25 damage)
             ... in the Dungeon (Sprint VII: "The Pits").
             The game lasted 00:05:15 (1229 turns).

sahdkjhfkaj the Brawler (Troll Wanderer)            Turns: 1229, Time: 00:05:15

Health: -17/119    AC: 11    Str: 28    XL:     11   Next: 3%
Magic:  10/10      EV: 14    Int:  7    God:    Ashenzari [***...]
Gold:   0          SH:  0    Dex: 10    Spells: 10/10 levels left

rFire    . . .     SeeInvis +     - Unarmed
rCold    . . .     Faith    .   (no shield)
rNeg     . . .     Spirit   .   c - +2 robe (curse)
rPois    .         Reflect  .   (helmet restricted)
rElec    .         Harm     .   (no cloak)
rCorr    .         Rampage  .   (gloves unavailable)
MR       .....     NoTele   +   (boots unavailable)
Stlth    +.........             (no amulet)
HPRegen  0.69/turn              a - +3 ring of protection (curse)
MPRegen  0.12/turn              o - +3 ring of strength (curse)

@: mighty, slowed, very slow
A: large, unfitting armour, claws 3, regeneration 1, shaggy fur 1, tough skin 3
a: Curse Item, Scrying, Renounce Religion


You were in the Dungeon.
You worshipped Ashenzari.
Ashenzari was most pleased with you.
You visited 1 branch

Inventory:

Missiles
 b - 11 poisoned darts (quivered)
Armour
 c - a cursed +2 robe (worn)
Jewellery
 a - a cursed +3 ring of protection (left claw)
 o - a cursed +3 ring of strength (right claw)
Scrolls
 l - 5 scrolls of amnesia
 n - 2 scrolls of vulnerability
Potions
 d - 4 potions of curing
 e - 2 potions of heal wounds
 f - a potion of ambrosia {unknown}
 g - 4 potions of magic
 h - 2 potions of berserk rage
 j - 2 potions of invisibility
 p - 2 potions of brilliance


   Skills:
 + Level 10.6 Fighting
   Level 1.7 Maces & Flails
 - Level 1.7 Throwing
 + Level 10.3 Armour
 + Level 10.4 Dodging
 - Level 1.0 Stealth
 * Level 16.2 Unarmed Combat


You had 10 spell levels left.
You didn't know any spells.
Your spell library was empty.

Dungeon Overview and Level Annotations

Branches:
Dungeon (1/1)

Altars:
Ashenzari
Cheibriados
Dithmenos
Elyvilon
Fedhas
Gozag
Hepliaklqana
Kikubaaqudgha
Makhleb
Nemelex Xobeh
Okawaru
Qazlal
Ru
Sif Muna
Trog
Uskayaw
Vehumet
Wu Jian
Xom
Yredelemnul
Zin
The Shining One
Beogh
Jiyva
Lugonu


Innate Abilities, Weirdness & Mutations

You are too large for most types of armour.
You have claws for hands.
Your natural rate of healing is unusually fast.
You are covered in fur. (AC +1)
You have extremely tough skin. (AC +3)


Message History

The death cob hits you but does no damage.
Unknown command.
You barely miss the death cob.
The death cob is moderately damaged.
The death cob hits you!
* * * LOW HITPOINT WARNING * * *
The death cob hits you!!
* * * LOW HITPOINT WARNING * * *
Unknown command.
Unknown command.
Unknown command.
Unknown command.
Unknown command.
Unknown command.
Unknown command.
Unknown command.
You claw the death cob! You claw the death cob!!
The death cob is severely damaged.
The death cob hits you!!
You die...

##'#####''###### *** * * * * *
......##''# ##### ######## **
......##..###...###..'...# * {, ,
......##...##.).##..##...### ,,,
..<...###)..##†##..###...'.##,,,
......# ##...)......##...#..## {
......###..###'###...##'##...# #.
......##.)##.....##h.#...#...#M..
########..'.....@zSs.Yc..'.s.'l..
########..##.....##).#...#..h#Yhh
.#..[[###..###'###{..##†##...# #h
.#..[[# ##..(÷....).##...#..##* ,
.'..))###...##)##..###...()## ,{
.#..))##..)##.).##..##...### , ,
.#..))##..###...###..(...# { ,,
########### ##### ######## * * *


You could see a death cob, a black mamba, a yak, a redback, a centaur and a
jackal.

Vanquished Creatures
  A hydra (D)
  A rakshasa (D)
  A centaur warrior (D)
  A death yak (D)
  An orc high priest (D)
  A flayed ghost (D)
  A manticore (D)
  A merfolk siren (D)
  Joseph (D)
  A molten gargoyle (D)
  A gargoyle (D)
  A polar bear (D)
  A vampire (D)
  A wyvern (D)
  Grum (D)
  Menkaure (D)
  An acid dragon (D)
  2 soldier ants (D)
  A warg (D)
  2 porcupines (D)
  2 floating eyes (D)
  A swamp drake (D)
  2 orc warriors (D)
  A sky beast (D)
  A centaur (D)
  3 wolves (D)
  A scorpion (D)
  2 orc priests (D)
  An orc wizard (D)
  2 worker ants (D)
  3 white imps (D)
  An ufetubus (D)
  2 oozes (D)
  A leopard gecko (D)
  8 orcs (D)
  A bat skeleton (D)
  3 jackals (D)
  A frilled lizard (D)
  2 goblins (D)
  A rat (D)
61 creatures vanquished.

Vanquished Creatures (collateral kills)
  A deep elf mage (D)
  A manticore (D)
2 creatures vanquished.

Grand Total: 63 creatures vanquished

Notes
Turn   | Place    | Note
-------+----------+-------------------------------------------
     0 | D        | sahdkjhfkaj the Troll Wanderer began the quest for the Orb.
     0 | D        | sahdkjhfkaj set off with the following items: a +0 dagger,
                  | 11 poisoned darts, a +2 robe, a potion of curing, a potion
                  | of heal wounds, a potion of haste, 2 potions of magic, a
                  | potion of berserk rage, a scroll of blinking
     0 | D        | Reached XP level 1. HP: 22/22 MP: 0/0
    14 | D        | Reached skill level 1 in Unarmed Combat
    26 | D        | Found a bloodstained altar of Trog.
    26 | D        | Found a shimmering blue altar of Sif Muna.
    26 | D        | Found a viscous altar of Jiyva.
    26 | D        | Found a hazy altar of Hepliaklqana.
    26 | D        | Found an opulent altar of Gozag.
    27 | D        | Found a glowing golden altar of the Shining One.
    27 | D        | Found a glowing silver altar of Zin.
    27 | D        | Found a basalt altar of Yredelemnul.
    27 | D        | Found a shimmering altar of Xom.
    27 | D        | Found an ornate altar of the Wu Jian Council.
    27 | D        | Found a sacrificial altar of Ru.
    27 | D        | Found a stormy altar of Qazlal.
    27 | D        | Found an iron altar of Okawaru.
    27 | D        | Found a sparkling altar of Nemelex Xobeh.
    27 | D        | Found a burning altar of Makhleb.
    27 | D        | Found a blossoming altar of Fedhas.
    27 | D        | Found a white marble altar of Elyvilon.
    27 | D        | Found a shadowy altar of Dithmenos.
    27 | D        | Found a snail-covered altar of Cheibriados.
    28 | D        | Found a radiant altar of Vehumet.
    28 | D        | Found a corrupted altar of Lugonu.
    28 | D        | Found a roughly hewn altar of Beogh.
    29 | D        | Found a hide-covered altar of Uskayaw.
    29 | D        | Found an ancient bone altar of Kikubaaqudgha.
    29 | D        | Found a broken altar of Ashenzari.
    37 | D        | Became a worshipper of Ashenzari the Shackled
    74 | D        | Reached skill level 1 in Armour
    74 | D        | Reached skill level 2 in Unarmed Combat
    74 | D        | Reached XP level 2. HP: 24/29 MP: 1/1
    96 | D        | Reached skill level 3 in Unarmed Combat
   104 | D        | Noticed a floating eye
   111 | D        | Paralysed by a floating eye for 2 turns
   113 | D        | Killed a floating eye
   113 | D        | Reached skill level 5 in Unarmed Combat
   113 | D        | Reached XP level 3. HP: 39/39 MP: 2/2
   113 | D        | Reached XP level 4. HP: 48/48 MP: 3/3
   116 | D        | Noticed a porcupine
   120 | D        | Killed a porcupine
   120 | D        | Reached skill level 5 in Fighting
   120 | D        | Reached skill level 7 in Unarmed Combat
   120 | D        | Reached XP level 5. HP: 53/57 MP: 4/4
   165 | D        | Reached * piety under Ashenzari
   165 | D        | Noticed a floating eye
   174 | D        | Paralysed by a floating eye for 4 turns
   184 | D        | Paralysed by a floating eye for 4 turns
   192 | D        | Paralysed by a floating eye for 2 turns
   201 | D        | Paralysed by a floating eye for 3 turns
   205 | D        | Killed a floating eye
   205 | D        | Reached skill level 5 in Dodging
   205 | D        | Reached skill level 8 in Unarmed Combat
   205 | D        | Reached XP level 6. HP: 43/66 MP: 5/5
   210 | D        | Reached skill level 5 in Armour
   217 | D        | Reached skill level 9 in Unarmed Combat
   261 | D        | Noticed a sky beast
   264 | D        | Killed a sky beast
   264 | D        | Reached XP level 7. HP: 75/75 MP: 6/6
   270 | D        | Reached skill level 10 in Unarmed Combat
   298 | D        | Noticed a vampire
   304 | D        | Killed a vampire
   310 | D        | Reached skill level 11 in Unarmed Combat
   310 | D        | Reached XP level 8. HP: 55/87 MP: 7/7
   503 | D        | Reached ** piety under Ashenzari
   510 | D        | Noticed a manticore
   510 | D        | Noticed Menkaure
   510 | D        | Noticed a merfolk siren
   511 | D        | Noticed a deep elf mage
   516 | D        | Noticed a polar bear
   524 | D        | Noticed a sixfirhy
   526 | D        | Killed a manticore
   530 | D        | Killed Menkaure
   532 | D        | Killed a merfolk siren
   532 | D        | Reached skill level 12 in Unarmed Combat
   540 | D        | Killed a deep elf mage
   541 | D        | Killed a polar bear
   541 | D        | Reached XP level 9. HP: 37/96 MP: 8/8
   651 | D        | Noticed a molten gargoyle
   658 | D        | Killed a molten gargoyle
   658 | D        | Reached skill level 13 in Unarmed Combat
   755 | D        | Noticed Joseph
   764 | D        | Killed Joseph
   791 | D        | Noticed Grum
   791 | D        | Noticed an orc high priest
   796 | D        | Noticed an ice devil
   797 | D        | Noticed a rust devil
   804 | D        | Killed an orc high priest
   804 | D        | Reached skill level 14 in Unarmed Combat
   811 | D        | Killed Grum
   929 | D        | Noticed a gargoyle
   929 | D        | Noticed a manticore
   936 | D        | Killed a manticore
   936 | D        | Reached XP level 10. HP: 79/107 MP: 9/9
   944 | D        | Killed a gargoyle
  1031 | D        | Noticed a flayed ghost
  1055 | D        | Killed a flayed ghost
  1068 | D        | Reached *** piety under Ashenzari
  1070 | D        | Reached skill level 15 in Unarmed Combat
  1087 | D        | Noticed a death yak
  1087 | D        | Noticed a seven-headed hydra
  1092 | D        | Killed a death yak
  1092 | D        | Reached skill level 10 in Fighting
  1095 | D        | Killed a ten-headed hydra
  1095 | D        | Reached skill level 10 in Dodging
  1164 | D        | Noticed a centaur warrior
  1165 | D        | Noticed a rakshasa
  1169 | D        | Killed a centaur warrior
  1169 | D        | Reached skill level 10 in Armour
  1171 | D        | Reached skill level 16 in Unarmed Combat
  1183 | D        | Killed a rakshasa
  1183 | D        | Reached XP level 11. HP: 103/119 MP: 10/10
  1213 | D        | Noticed a death cob
  1224 | D        | HP: 1/119 [death cob (30)]
  1229 | D        | Demolished by a death cob

Illustrated notes

Levels and vault maps discovered:
D:        pitsprint [storerooms_1, entrance_room_1, metal_vault_5, armoury_1,
          mini_pit_1, grid_room_1, main_hall_1, silver_pit, the_coven_1,
          the_vestibule_1, steel_vault_3, golden_pit, hallway_of_sentries,
          crystal_vault_6, iron_vault_3, final_vault]

Skill      XL: |  1  2  3  4  5  6  7  8  9 10 |
---------------+-------------------------------+-----
Unarmed Combat | 2 5 7 8 9 11 12 14 16 | 16.2
Armour         | 1 3 4 5 6 7 9 10 | 10.3
Dodging        | 3 4 5 6 7 9 10 | 10.4
Fighting       | 4 5 6 7 8 9 10 | 10.6
Maces & Flails | |  1.7
Throwing       | |  1.7
Stealth        | |  1.0

Action                   |  1- 3 |  4- 6 |  7- 9 | 10-12 || total
-------------------------+-------+-------+-------+-------++-------
Melee: Unarmed           |    25 |    34 |    78 |    52 ||   189
       Punch             |       |     3 |     5 |     6 ||    14
Invok: Curse Item        |     1 |       |     2 |       ||     3
  Use: Potion            |       |     1 |     6 |    10 ||    17
       Scroll            |       |       |     1 |     1 ||     2
 Stab: Sleeping          |       |     1 |       |       ||     1
Armor: Robe              |    11 |     8 |    22 |    12 ||    53
Dodge: Dodged            |    14 |    15 |    50 |    31 ||   110

Table legend: (Time is in decaauts)
 A = Elapsed time spent in this place.
 B = Non-inter-level travel time spent in this place.
 C = Inter-level travel time spent in this place.
 D = Time resting spent in this place.
 E = Time spent auto-exploring this place.
 F = Levels seen in this place.
 G = Mean time per level.
                   A        B        C        D        E       F      G
               +--------+--------+--------+--------+--------+-----+--------+
         Total |   1193 |   1125 |     68 |    616 |      0 |   1 | 1193.0 |
       Dungeon |   1193 |   1125 |     68 |    616 |      0 |   1 | 1193.0 |
               +--------+--------+--------+--------+--------+-----+--------+

Top non-repeatable levels by time:
       D: 1193 daAuts
